 Dungeon Crawl Stone Soup version 0.31-a0-4-gefa6de2278 (webtiles) character file.

Game seed: 9985311119971015250

449 jasper the Digger (level 7, -3/71 HPs)
             Began as an Ogre Earth Elementalist on May 3, 2023.
             Slain by a gnoll sergeant
             ... wielding a +1 heavy spear
              (17 damage)
             ... on level 5 of the Dungeon.
             The game lasted 00:05:39 (4889 turns).

jasper the Digger (Ogre Earth Elementalist)         Turns: 4889, Time: 00:05:39

Health: -3/71      AC:  3    Str: 13    XL:     7   Next: 4%
Magic:  2/13       EV:  9    Int: 18    God:
Gold:   197        SH:  0    Dex:  9    Spells: 3/15 levels left

rFire   . . .        f - +1 war axe (heavy)
rCold   . . .        (no shield)
rNeg    . . .        a - +0 robe
rPois   .            (helmet restricted)
rElec   .            (no cloak)
rCorr   .            (gloves unavailable)
SInv    .            (boots unavailable)
Will    .....        (no amulet)
Stlth   +            (no ring)
HPRegen 0.31/turn    (no ring)
MPRegen 0.13/turn

%: no passive effects
@: no status effects
A: large, unfitting armour, tough skin 1
a: no special abilities


You were on level 5 of the Dungeon.
You visited 1 branch of the dungeon, and saw 5 of its levels.

You collected 239 gold pieces.
You spent 42 gold pieces at shops.

Inventory:

Hand Weapons
 c - a +0 mace
 f - a +1 heavy war axe (weapon)
Missiles
 k - 6 poisoned darts
Armour
 a - a +0 robe (worn)
Wands
 i - a wand of roots (3)
Scrolls
 d - 3 scrolls of identify
 e - 2 scrolls of amnesia
 g - 2 scrolls of teleportation
 h - a scroll of poison
 l - a scroll of fog
Potions
 b - a potion of magic
 j - 2 potions of mutation {unknown}
 m - a potion of degeneration
 o - 2 potions of curing


   Skills:
 + Level 4.3 Fighting
 - Level 1.7 Dodging
 - Level 1.4 Stealth
 + Level 4.5 Spellcasting
 - Level 0.8 Transmutations
 * Level 5.3 Earth Magic


You had 3 spell levels left.
You knew the following spells:

 Your Spells              Type           Power      Damage    Failure   Level
a - Sandblast             Erth           46%        2d11      1%          1
b - Passwall              Tmut/Erth      12%        N/A       6%          2
c - Stone Arrow           Conj/Erth      26%        3d8       14%         3
d - Statue Form           Tmut/Erth      10%        N/A       99%         6

Your spell library contained the following spells:

 Spells                   Type           Power      Damage    Failure   Level
 Call Canine Familiar     Summ           4%         N/A       38%         3
 Portal Projectile        Hex/Tloc       8%         N/A       38%         3
 Petrify                  Tmut/Erth      15%        N/A       36%         4
 Leda's Liquefaction      Hex/Erth       6%         N/A       43%         4
 Metabolic Englaciation   Hex/Ice        2%         N/A       98%         5


Dungeon Overview and Level Annotations

Branches:
Dungeon (5/15)
 Temple: D:4-7

Altars:
Cheibriados
Gozag
Hepliaklqana
Okawaru
Sif Muna
Wu Jian
Yredelemnul

Shops:
D:1 [**[(


Innate Abilities, Weirdness & Mutations

You are too large for most types of armour.
You have tough skin. (AC +1)


Message History

The gnoll sergeant hits you from afar with a +1 heavy spear!
You take 8 damage, and have 23/71 hp.
Aiming: Sandblast (safe; 1% risk of failure)
Press: ? - help, Q - select action, (/) - cycle Shift-Dir - straight line, f/p - gnoll
Aim: a gnoll, wielding a +0 whip (almost dead, 85% to hit)
The blast of sand hits the gnoll sergeant.
The gnoll sergeant is almost dead.
The gnoll sergeant hits you from afar with a +1 heavy spear.
You take 1 damage, and have 22/71 hp.
You now have 4/13 mp.
Aiming: Sandblast (safe; 1% risk of failure)
Press: ? - help, Q - select action, (/) - cycle Shift-Dir - straight line, f/p - gnoll
Aim: a gnoll, wielding a +0 whip (almost dead, 85% to hit)
The blast of sand hits the gnoll sergeant but does no damage.
The gnoll sergeant is almost dead.
The gnoll sergeant barely misses you.
You now have 3/13 mp.
Aiming: Sandblast (safe; 1% risk of failure)
Press: ? - help, Q - select action, (/) - cycle Shift-Dir - straight line, f/p - gnoll
Aim: a gnoll, wielding a +0 whip (almost dead, 85% to hit)
The blast of sand hits the gnoll sergeant but does no damage.
The gnoll sergeant is almost dead.
The gnoll sergeant hits you from afar with a +1 heavy spear!
* * * LOW HITPOINT WARNING * * *
You take 13 damage, and have 9/71 hp.
You now have 2/13 mp.
You feel better.
The gnoll sergeant hits you from afar with a +1 heavy spear!
* * * LOW HITPOINT WARNING * * *
You take 4 damage, and have 5/71 hp.
You feel better. The gnoll sergeant closely misses you.
You regained 8 hp, and now have 13/71 hp.
Really read the scroll of immolation?
As you read the scroll of immolation, it crumbles to dust.
The creatures around you are filled with an inner flame!
Aiming: Sandblast (safe; 1% risk of failure)
Press: ? - help, Q - select action, (/) - cycle Shift-Dir - straight line, f/p - gnoll
Aim: a gnoll, wielding a +0 whip (almost dead, inner flame, 85% to hit)
The blast of sand hits the gnoll sergeant but does no damage.
The gnoll sergeant is almost dead.
The gnoll sergeant hits you from afar with a +1 heavy spear!
You die...

# # # ############## #
.............#########.# #
............ggg.@......# #
.....#######g####################
..g. #.......#............. ...
#######.#.#######..... g. #...#
#..... . ##.###### #.....
#.......####.....
###.≈≈≈≈≈..........
#.#.☼≈≈°°..........


You could see a gnoll sergeant (inner flame) and 3 gnolls.

Vanquished Creatures
  Duvessa (D:5)
  A scorpion (D:4)
  Dowan (D:5)
  3 orc wizards (D:3)
  A gnoll (D:5)
  7 adders
  A white imp (D:4)
  An adder zombie (D:2)
  An adder skeleton (D:2)
  2 dart slugs
  5 orcs (D:3)
  A bat zombie (D:2)
  9 endoplasms
  3 giant cockroaches
  10 goblins
  5 hobgoblins
  2 jackals (D:2)
  2 quokkas (D:2)
  3 ball pythons
  3 bats
  3 frilled lizards (D:1)
  7 kobolds
  4 rats
76 creatures vanquished.

Vanquished Creatures (others)
  2 withered plants (D:2)
2 creatures vanquished.

Grand Total: 78 creatures vanquished

Notes
Turn   | Place    | Note
-------+----------+-------------------------------------------
     0 | D:1      | jasper the Ogre Earth Elementalist began the quest for the
                  | Orb.
     0 | D:1      | Reached XP level 1. HP: 16/16 MP: 3/3
    88 | D:1      | Found Bemouku's Antique Armour Shoppe.
   172 | D:1      | Found Emeupt's General Store.
   236 | D:1      | Reached skill level 3 in Earth Magic
   236 | D:1      | Reached XP level 2. HP: 19/26 MP: 0/5
   302 | D:1      | Found Eqeul's Antique Weapon Shoppe.
   326 | D:1      | Reached skill level 1 in Fighting
   615 | D:1      | Found Meteemema's General Store.
   617 | D:1      | Found Wifroi's Armour Shop.
   744 | D:1      | Learned a level 2 spell: Passwall
   796 | D:1      | Bought a potion of lignification for 42 gold pieces
   928 | D:2      | Reached XP level 3. HP: 33/33 MP: 4/7
   932 | D:2      | Learned a level 3 spell: Stone Arrow
  1369 | D:2      | Reached XP level 4. HP: 42/42 MP: 3/8
  1698 | D:2      | Found a basalt altar of Yredelemnul.
  1830 | D:2      | Found a faded altar of an unknown god.
  2354 | D:3      | Found a snail-covered altar of Cheibriados.
  2420 | D:3      | Reached skill level 4 in Earth Magic
  2422 | D:3      | Reached XP level 5. HP: 37/52 MP: 4/10
  2584 | D:3      | Identified the +9 dagger of Uskayaw's Anger {heavy, Drain
                  | rElec Str-2 Dex+6}
  2987 | D:3      | Identified the +2 ring mail "Xiwkoxite" {Rampage}
  3008 | D:3      | Identified a scroll of acquirement
  3008 | D:3      | Acquired a book of Sloth
  3253 | D:4      | Found an iron altar of Okawaru.
  3253 | D:4      | Found a faded altar of an unknown god.
  3261 | D:4      | Found a hazy altar of Hepliaklqana.
  3265 | D:4      | Reached XP level 6. HP: 62/62 MP: 8/12
  3293 | D:4      | Found an ornate altar of the Wu Jian Council.
  3295 | D:4      | Found an opulent altar of Gozag.
  3982 | D:4      | Learned a level 6 spell: Statue Form
  4011 | D:5      | Entered Level 5 of the Dungeon
  4011 | D:5      | Noticed an ice beast
  4016 | D:4      | HP: 1/62 [ogre/+0 giant club (27)]
  4334 | D:5      | Noticed Dowan
  4350 | D:5      | Killed Dowan
  4351 | D:5      | Reached skill level 5 in Earth Magic
  4519 | D:5      | Noticed Duvessa
  4529 | D:5      | Killed Duvessa
  4530 | D:5      | Reached XP level 7. HP: 41/70 MP: 13/13
  4818 | D:5      | Found a shimmering blue altar of Sif Muna.
  4889 | D:5      | Slain by a gnoll sergeant

Illustrated notes

Levels and vault maps discovered:
D:1:      ncdulo_smallfort, layout_loops_ring, serial_shops, shop, shop,
          nicolae_shop_pleasant_corner_grove, shop, nicolae_shop_tiny_waterfront
D:2:      layout_loops_corners, serial_undead, serial_undead_f, serial_undead_d,
          serial_undead_a, serial_undead_a, basic_altar,
          ebering_ecumenical_altar_mist
D:3:      layout_basic, mainiacjoe_overflow_six_doors_small, serial_rivers,
          chequers_serial_rivers_room_a, chequers_serial_rivers_room_a,
          chequers_serial_rivers_small_a, chequers_serial_rivers_marsh,
          chequers_serial_rivers_room_b
D:4:      layout_gridville, chequers_temple_overflow_minitemple
D:5:      layout_basic, nicolae_sif_muna_condensation, temple_hall, uniq_duvessa

Skill      XL: |  1  2  3  4  5  6 |
---------------+-------------------+-----
Earth Magic    | 3 4 5 |  5.3
Fighting       | 1 2 3 4 |  4.3
Spellcasting   | 3 4 |  4.5
Dodging        | |  1.7
Stealth        | |  1.4
Transmutations | |  0.8

Action                     |  1- 3 |  4- 6 |  7- 9 || total
---------------------------+-------+-------+-------++-------
  Melee: War axe           |     5 |    12 |       ||    17
         Unarmed           |       |     5 |       ||     5
   Cast: Sandblast         |    43 |    77 |    14 ||   134
  Evoke: Wand              |       |     2 |       ||     2
    Use: Scroll            |       |    15 |     1 ||    16
         Potion            |       |     3 |     2 ||     5
 Armour: Robe              |     8 |     8 |       ||    16
         Skin              |       |     3 |       ||     3
  Dodge: Dodged            |     9 |    25 |     4 ||    38

Table legend: (Time is in decaauts)
 A = Elapsed time spent in this place.
 B = Non-inter-level travel time spent in this place.
 C = Inter-level travel time spent in this place.
 D = Time resting spent in this place.
 E = Time spent auto-exploring this place.
 F = Levels seen in this place.
 G = Mean time per level.
                   A        B        C        D        E       F      G
               +--------+--------+--------+--------+--------+-----+--------+
         Total |   4970 |   4799 |    171 |    302 |   3923 |   5 |  994.0 |
       Dungeon |   4970 |   4799 |    171 |    302 |   3923 |   5 |  994.0 |
               +--------+--------+--------+--------+--------+-----+--------+

Top non-repeatable levels by time:
     D:2: 1245 daAuts
     D:4: 1181 daAuts
     D:3: 947 daAuts
     D:1: 906 daAuts
     D:5: 690 daAuts
